 Dungeon Crawl Stone Soup version 0.19-a0-1513-gf6d23ed (webtiles) character file.

1003 Amnesiac the Slasher (level 8, -1/52 HPs)
             Began as a Halfling Berserker on Sept 12, 2016.
             Was a Priest of Trog.
             Killed by divine providence
             ... invoked by an orc priest
              (15 damage)
             ... on level 5 of the Dungeon.
             The game lasted 00:06:35 (4839 turns).

Amnesiac the Slasher (Halfling Berserker)           Turns: 4839, Time: 00:06:36

Health: -1/52      AC:  4    Str: 18    XL:     8   Next: 43%
Magic:  8/8        EV: 19    Int:  5    God:    Trog [***...]
Gold:   205        SH:  0    Dex: 16    Spells: 0 memorised, 7 levels left

rFire  . . .     SeeInvis .     O - +1 dagger (drain)
rCold  . . .     Gourm    .     b - +0 animal skin
rNeg   + + .     Faith    .     (shield restricted)
rPois  +         Spirit   .     (no helmet)
rElec  .         Dismiss  .     C - +0 cloak
rCorr  .         Reflect  .     o - +0 pair of gloves
MR     .....     Harm     .     (no boots)
Stlth  +.........               L - amulet of magic regeneration
                                p - ring of positive energy
                                N - ring of positive energy

@: no status effects
A: hooves 1, mutation resistance 1, poison resistance
a: Berserk, Trog's Hand, Burn Spellbooks, Renounce Religion


You were on level 5 of the Dungeon.
You worshipped Trog.
Trog was most pleased with you.
You were hungry.

You visited 1 branch of the dungeon, and saw 5 of its levels.

You collected 205 gold pieces.

Inventory:

Hand Weapons
 a - a +0 falchion
 t - a +2 dagger of venom
 O - a +1 dagger of draining (weapon)
Missiles
 I - 8 needles of confusion
Armour
 b - a +0 animal skin (worn)
 o - a +0 pair of gloves (worn)
 C - a +0 cloak (worn)
Jewellery
 f - an uncursed ring of flight
 j - an uncursed ring of magical power
 p - a ring of positive energy (right hand)
 r - an uncursed ring of ice
 y - an uncursed ring of fire
 L - an amulet of magic regeneration (around neck)
 N - a ring of positive energy (left hand)
Wands
 x - a wand of random effects (21/48)
Scrolls
 d - a scroll of noise {unknown}
 i - a scroll of enchant weapon {unknown}
 l - a scroll of magic mapping {unknown}
 u - 2 scrolls of fog {unknown}
 w - 4 scrolls of teleportation {unknown}
 B - a scroll of recharging {unknown}
 E - 2 scrolls of blinking {unknown}
 G - a scroll of identify {unknown}
 H - a scroll of remove curse {unknown}
 K - a scroll of fear {unknown}
 M - a scroll of enchant armour {unknown}
Potions
 e - a potion of haste {unknown}
 h - 5 potions of heal wounds {unknown}
 k - a potion of degeneration {unknown}
 m - 2 potions of lignification {unknown}
 n - 2 potions of cancellation {unknown}
 z - a potion of curing {unknown}
 F - 2 potions of berserk rage {unknown}
 J - a potion of cure mutation {unknown}
Books
 s - a Grand Grimoire

   Spells                             Type                      Level
   a - Monstrous Menagerie            Summoning                    7
   b - Summon Greater Demon           Summoning                    7
   c - Malign Gateway                 Summoning/Translocation      7
   d - Summon Horrible Things         Summoning                    8
   Trog disapproves of the use of such an item.
 D - a book of the Tempests

   Spells                             Type                      Level
   a - Static Discharge               Conjuration/Air              3
   b - Lightning Bolt                 Conjuration/Air              5
   c - Fireball                       Conjuration/Fire             5
   d - Tornado                        Air                          9
   e - Shatter                        Earth                        9
   Trog disapproves of the use of such an item.
Comestibles
 c - 3 bread rations
 g - 2 slices of pizza
 q - 4 meat rations
 v - 3 beef jerkies
 A - 4 fruits


   Skills:
 - Level 3.1 Fighting
 * Level 7.5 Long Blades
 - Level 2.1 Armour
 + Level 6.8 Dodging


You had 7 spell levels left.
You didn't know any spells.

Dungeon Overview and Level Annotations

Branches:
Dungeon (5/15)             Temple (0/1) D:4

Altars:
Cheibriados
Sif Muna
Vehumet
Yredelemnul


Innate Abilities, Weirdness & Mutations

You are small and have problems with some larger weapons.
You are somewhat resistant to further mutation.
You have large cloven feet.
Your system is resistant to poisons. (rPois)


Message History

The orc priest closely misses you.
You hit the orc priest. Your kick misses the orc priest.
The orc priest is severely wounded.
You feel yourself speed up. The orc priest barely misses you.
You closely miss the orc priest.
You kick the orc priest, but do no damage.
The orc priest is severely wounded.
The orc priest hits you.
* * * LOW HITPOINT WARNING * * *
You are too injured to fight recklessly!
You are too injured to fight recklessly!
You are too injured to fight recklessly!
You are too injured to fight recklessly!
You hit the orc priest.
You kick the orc priest, but do no damage.
The orc priest is almost dead.
The orc priest invokes the aid of Beogh against you.
Beogh smites you!
You die...

<# #....#.#....##.# .#
#.#..#.#.#####.# .#
#.#...#.#.# #.#
.######.###..#.#.#####.#
.......## ##.#.........#
........###..###.#######
.#####.#.#.#.###.#
.#........##.#.#.##########
...............o@.....<...#
...............).########.#
..>.....#####.............#
........######.#.########.#
..#............>.# #.#
............#..### ##.#
####.########..# ##..#
.....# #..# ##.#.## ######
#..# #.#...#


You could see an orc priest.

Vanquished Creatures
  Edmund (D:4)
  A sky beast (D:5)
  An ice beast (D:5)
  3 ogres
  3 hounds
  An orc priest (D:5)
  2 orc wizards
  An iguana (D:5)
  2 worker ants
  A hound skeleton (D:4)
  5 adders
  3 gnolls (D:3)
  2 oozes
  6 worms
  2 dart slugs
  2 giant geckos
  12 orcs
  A ball python (D:2)
  2 giant cockroaches
  5 goblins
  8 hobgoblins
  6 jackals (D:3)
  6 kobolds
  A quokka (D:5)
  8 bats
  7 giant newts
  A quokka skeleton (D:4)
  8 rats
101 creatures vanquished.

Notes
Turn   | Place    | Note
-------+----------+-------------------------------------------
     0 | D:1      | Amnesiac the Halfling Berserker began the quest for the Orb.
     0 | D:1      | Reached XP level 1. HP: 15/15 MP: 1/1
    76 | D:1      | Reached XP level 2. HP: 20/20 MP: 2/2
   430 | D:2      | Reached skill level 4 in Long Blades
   430 | D:2      | Reached XP level 3. HP: 14/25 MP: 3/3
   646 | D:2      | Reached ** piety under Trog
  1127 | D:2      | Reached XP level 4. HP: 30/30 MP: 4/4
  1292 | D:3      | Found a basalt altar of Yredelemnul.
  1554 | D:3      | You fall through a shaft for 2 floors!
  1554 | D:5      | Entered Level 5 of the Dungeon
  1563 | D:5      | Reached XP level 5. HP: 18/36 MP: 5/5
  1758 | D:4      | Found a radiant altar of Vehumet.
  2219 | D:3      | Found a snail-covered altar of Cheibriados.
  2258 | D:3      | Reached skill level 5 in Long Blades
  2628 | D:3      | Reached *** piety under Trog
  2713 | D:3      | Reached XP level 6. HP: 40/42 MP: 6/6
  2814 | D:4      | Noticed an ogre
  2819 | D:4      | Killed an ogre
  2819 | D:4      | Reached skill level 6 in Long Blades
  2926 | D:4      | Reached XP level 7. HP: 43/46 MP: 7/7
  3087 | D:4      | Found a staircase to the Ecumenical Temple.
  3101 | D:4      | Reached skill level 5 in Dodging
  3240 | D:4      | Noticed Edmund
  3266 | D:4      | Killed Edmund
  3444 | D:4      | Found a deep blue altar of Sif Muna.
  4025 | D:5      | Reached XP level 8. HP: 40/52 MP: 8/8
  4057 | D:5      | Received a gift from Trog
  4073 | D:5      | Gained mutation: You have large cloven feet. [mutagenic meat]
  4082 | D:5      | Gained mutation: Your system is resistant to poisons. (rPois) [mutagenic meat]
  4436 | D:5      | Reached skill level 7 in Long Blades
  4839 | D:5      | Killed from afar by an orc priest

Vault maps used:
D:1:      dpeg_arrival_arbitrary_b
D:2:      serial_glass, glass_columns_a, glass_columns_b, glass_columns_a,
          glass_columns_b, glass_columns_c, glass_columns_b, glass_columns_a,
          glass_columns_b, first_bread
D:3:      cheibriados_altar_1, overflow_temple_1_default
D:4:      lemuel_blue_sif_altar, vehumet_crystals, uniq_edmund
D:5:      lightli_temple_of_fire

Skill      XL: |  1  2  3  4  5  6  7  8 |
---------------+-------------------------+-----
Long Blades    | 4 5 6 7 |  7.5
Dodging        | 3 4 6 |  6.8
Fighting       | 3 |  3.1
Armour         | |  2.1

Action                   |  1- 3 |  4- 6 |  7- 9 || total
-------------------------+-------+-------+-------++-------
Melee: Falchion          |   107 |    64 |       ||   171
       Dagger            |       |   124 |   114 ||   238
       Kick              |       |       |    23 ||    23
Invok: Berserk           |       |     1 |       ||     1
 Stab: Sleeping          |       |     2 |       ||     2
  Eat: Chunk             |       |     8 |    11 ||    19
Armor: Animal skin       |    16 |    17 |     7 ||    40
Dodge: Dodged            |    62 |   135 |    71 ||   268
